 Dungeon Crawl Stone Soup version 0.28-a0-653-g7e9dba17c3 (webtiles) character file.

Game seed: 582374839347865365

12625 porpoise the Thaumaturge (level 11, -5/63 HPs)
             Began as a Deep Elf Conjurer on Oct 12, 2021.
             Was a Believer of Vehumet.
             Killed by the air
             ... invoked by a wind drake
              (18 damage)
             ... on level 2 of the Lair of Beasts.
             The game lasted 00:59:37 (15181 turns).

porpoise the Thaumaturge (Deep Elf Conjurer)       Turns: 15181, Time: 00:59:38

Health: -5/63      AC:  8    Str:  5    XL:     11   Next: 64%
Magic:  16/38      EV: 15    Int: 29    God:    Vehumet [**....]
Gold:   573        SH:  0    Dex: 13    Spells: 18/34 levels left

rFire   . . .      SeeInvis .   b - +0 hunting sling
rCold   + . .      Faith    .   (no shield)
rNeg    . . .      Spirit   .   t - +2 robe {rC+}
rPois   .          Reflect  .   m - +2 hat {Int+3}
rElec   .          Harm     .   u - +1 cloak
rCorr   +          Rampage  .   (no gloves)
Will    +....                   (no boots)
Stlth   +++.......              j - amulet of magic regeneration
HPRegen 0.20/turn               c - ring of resist corrosion
MPRegen 0.51/turn               y - ring of magical power

@: no status effects
A: no striking features
a: Renounce Religion


You were on level 2 of the Lair of Beasts.
You worshipped Vehumet.
Vehumet was pleased with you.
You visited 3 branches of the dungeon, and saw 13 of its levels.
You also visited: Sewer.

You collected 573 gold pieces.

Inventory:

Hand Weapons
 a - the +4 rapier of Grace {venom, Str+6 SInv}
   (You found it on level 9 of the Dungeon)

   It poisons the flesh of those it strikes.
   Str:       It affects your strength (+6).
   SInv:      It lets you see invisible.
 b - a +0 hunting sling (weapon)
 B - the +6 quarterstaff "Weigusm" {vorpal, *Corrode rElec rPois rF+}
   (You found it on level 6 of the Dungeon)

   It inflicts extra damage upon your enemies.
   rF:        It protects you from fire.
   rElec:     It insulates you from electricity.
   rPois:     It protects you from poison.
   *Corrode:  It may corrode you when you take damage.
Missiles
 n - 93 sling bullets (quivered ammo)
 C - 2 curare-tipped darts
Armour
 m - a +2 hat of intelligence (worn)
 t - a +2 robe of cold resistance (worn)
 u - a +1 cloak (worn)
Jewellery
 c - a ring of resist corrosion (left hand)
 j - an amulet of magic regeneration (around neck)
 y - a ring of magical power (right hand)
Wands
 g - a wand of paralysis (11)
 o - a wand of charming (17)
 A - a wand of iceblast (17)
 G - a wand of mindburst (34)
 N - a wand of flame (20)
Scrolls
 h - a scroll of fear
 k - 5 scrolls of magic mapping
 l - 4 scrolls of blinking
 w - 3 scrolls of teleportation
 O - a scroll of noise {unknown}
 P - a scroll of immolation {unknown}
Potions
 d - 3 potions of heal wounds
 f - 4 potions of lignification
 q - a potion of attraction {unknown}
 r - 2 potions of invisibility
 s - 2 potions of curing
 z - a potion of haste
 I - a potion of might {unknown}
 R - a potion of magic {unknown}
Miscellaneous
 K - a phial of floods


   Skills:
 - Level 5.0 Fighting
 - Level 7.0 Dodging
 - Level 7.0 Stealth
 - Level 12.0 Spellcasting
 + Level 7.5 Conjurations
 - Level 9.0 Hexes
 - Level 7.0 Translocations
 - Level 7.0 Transmutations
 - Level 5.0 Evocations


You had 18 spell levels left.
You knew the following spells:

 Your Spells              Type           Power      Damage    Failure   Level
a - Magic Dart            Conj           100%       1d8       1%          1
b - Searing Ray           Conj           100%       2d8       1%          2
c - Fulminant Prism       Conj/Hex       30%        3d16      1%          4
d - Iskenderun's Mystic   Conj/Tloc      56%        2d12      1%          4
r - Irradiate             Conj/Tmut      28%        3d22      4%          5

Your spell library contained the following spells:

 Spells                   Type           Power      Damage    Failure   Level
 Conjure Flame            Conj/Fire      39%        6-21      1%          3
 Shock                    Conj/Air       100%       1d9       1%          1
 Ensorcelled Hibernation  Hex/Ice        86%        N/A       1%          2
 Slow                     Hex            62%        N/A       1%          2
 Static Discharge         Conj/Air       39%        N/A       1%          2
 Confusing Touch          Hex            62%        N/A       1%          3
 Dazzling Flash           Conj/Hex       100%       N/A       1%          3
 Spider Form              Tmut/Pois      18%        N/A       2%          3
 Yara's Violent Unravell  Hex/Tmut       29%        3d12      3%          5
 Blade Hands              Tmut           27%        N/A       4%          5
 Swiftness                Air            17%        N/A       9%          3
 Vampiric Draining        Necr           8%         2d7       9%          3
 Lightning Bolt           Conj/Air       19%        1d34      19%         5
 Airstrike                Air            8%         N/A       30%         4
 Summon Lightning Spire   Summ/Air       17%        N/A       30%         4
 Dragon Form              Tmut           27%        N/A       82%         7
 Maxwell's Capacitive Co  Air            8%         ∞         100%        8


Dungeon Overview and Level Annotations

Branches:
Dungeon (10/15)            Temple (1/1) D:6            Lair (2/6) D:10
  Sewer (visited)
  Swamp: Lair:2-4    Shoals: Lair:2-4     Snake: Lair:2-4    Spider: Lair:2-4
    Orc: D:9-12

Altars:
Dithmenos
Elyvilon
Fedhas
Gozag
Hepliaklqana
Nemelex Xobeh
Ru
Sif Muna
Trog
Uskayaw
Vehumet
Wu Jian
Xom
Yredelemnul
Zin
The Shining One

Shops:
D:7 :   D:8 =

Portals:
Abyss: Lair:1

Annotations:
D:6 3 runed translucent doors, pdpol's ghost, novice GrMo
D:7 dig
Lair:1 2 transporters, AlleluiaPinecone's ghost, journeyman VSBr


Message History

The wind drake exhales a fierce blast of wind!
You are blown backwards!
Casting: Searing Ray (safe; 1% risk of failure)
Confirm with . or Enter, or press ? or * to list all spells.
Aiming: Searing Ray (safe; 1% risk of failure)
Press: ? - help, Shift-Dir - straight line, f/p - wind drake
Aim: a wind drake (lightly wounded, repelling missiles, catching its breath, 64% to hit)
The searing ray hits the wind drake!
The wind drake is moderately wounded. (Press . to maintain the ray.)
The wind drake repels the searing ray!
A manticore comes into view.
The wind drake flaps its wings at you. The air twists around and strikes you!
The searing ray hits the wind drake!
The wind drake is heavily wounded.
The wind drake bites you.
The searing ray misses the wind drake.
You finish channelling your searing ray.
The wind drake flaps its wings at you. The air twists around and strikes you!
Casting: Searing Ray (safe; 1% risk of failure)
Confirm with . or Enter, or press ? or * to list all spells.
You erupt in a blast of force!
The mystic blast hits the wind drake!
The wind drake is severely wounded.
The wind drake is knocked back by the mystic blast.
Unknown command.
The wind drake exhales a fierce blast of wind!
You are blown backwards!
Unknown command.
Casting: Iskenderun's Mystic Blast (dangerous; 1% risk of failure)
Confirm with . or Enter, or press ? or * to list all spells.
You can't see any susceptible monsters within range! (Use Z to cast anyway.)
The wind drake flaps its wings at you. The air twists around and strikes you!
* * * LOW HITPOINT WARNING * * *
There is a stone staircase leading up here.
The wind drake flaps its wings at you. The air twists around and strikes you!!
You die...

##...).##
#.......
...H..#
#.....#
#..... ##..k.
#....# #..@##
#....#
#.......#
#P...........
###........$.
#$##..#.##.
## #..## ###


You could see a wind drake (repels missiles, catching breath) and a manticore.

Vanquished Creatures
  Harold (D:7)
  Erica (D:9)
  3 two-headed ogres
  Maurice (D:10)
  A black mamba (Lair:1)
  A cane toad (Lair:1)
  A komodo dragon (Lair:2)
  A troll (D:9)
  2 slime creatures (D:6)
  A shadow (D:10)
  A wyvern (D:9)
  A wraith (D:10)
  6 yaks (D:10)
  Grum (Lair:1)
  2 steam dragons
  2 vampire mosquitoes (D:8)
  5 water moccasins
  An acid dragon (D:8)
  Purgy (Sewer)
  An orc warrior (D:10)
  A sky beast (D:8)
  An ice beast (D:7)
  2 black bears
  3 ogres
  A necrophage (D:6)
  7 wolves (Lair:1)
  4 centaurs
  5 kobold brigands
  2 bullfrogs
  A scorpion (D:6)
  A wyvern zombie (D:7)
  A water moccasin skeleton (D:5)
  10 killer bees
  2 howler monkeys
  17 wights
  4 centaur zombies
  2 hounds
  2 jellies
  6 orc priests
  2 gnoll shamans
  3 iguanas
  Ijyb (D:4)
  2 orc wizards
  A hound zombie (D:5)
  A hound skeleton (D:5)
  A howler monkey zombie (D:6)
  A howler monkey skeleton (D:5)
  24 gnolls
  6 adders
  2 shadow imps (D:5)
  2 white imps (D:6)
  An ufetubus (D:4)
  21 orcs
  5 ball pythons
  11 endoplasms
  3 giant cockroaches (D:3)
  4 goblins
  4 hobgoblins
  6 jackals
  4 quokkas
  5 bats
  A frilled lizard (D:3)
  27 kobolds
  2 rats
  A fulminant prism (D:7)
247 creatures vanquished.

Vanquished Creatures (collateral kills)
  Fannar (Lair:1)
1 creature vanquished.

Vanquished Creatures (others)
  56 fulminant prisms
  11 fungi
  4 plants
  10 toadstools (D:6)
  5 withered plants (D:3)
86 creatures vanquished.

Grand Total: 334 creatures vanquished

Notes
Turn   | Place    | Note
-------+----------+-------------------------------------------
     0 | D:1      | porpoise the Deep Elf Conjurer began the quest for the Orb.
     0 | D:1      | Reached XP level 1. HP: 10/10 MP: 6/6
   345 | D:1      | Reached XP level 2. HP: 15/15 MP: 5/8
   348 | D:1      | Learned a level 2 spell: Searing Ray
  1001 | D:2      | Found a white marble altar of Elyvilon.
  1039 | D:2      | Reached skill level 4 in Spellcasting
  1098 | D:2      | Reached skill level 5 in Conjurations
  1098 | D:2      | Reached XP level 3. HP: 19/19 MP: 7/10
  1795 | D:3      | Found a glowing drain.
  1839 | Sewer    | Entered a sewer
  1881 | Sewer    | Reached XP level 4. HP: 24/24 MP: 9/12
  1961 | Sewer    | Noticed Purgy
  1988 | Sewer    | Killed Purgy
  1989 | Sewer    | Reached skill level 5 in Spellcasting
  1989 | Sewer    | Reached XP level 5. HP: 17/28 MP: 5/15
  2110 | Sewer    | Learned a level 4 spell: Fulminant Prism
  2115 | Sewer    | Learned a level 4 spell: Iskenderun's Mystic Blast
  2387 | D:3      | Reached skill level 1 in Hexes
  2422 | D:3      | Found an ornate altar of the Wu Jian Council.
  2429 | D:3      | Reached skill level 6 in Spellcasting
  2498 | D:3      | Found a glowing silver altar of Zin.
  2498 | D:3      | Found a faded altar of an unknown god.
  2504 | D:3      | Found a faded altar of an unknown god.
  2506 | D:3      | Found a basalt altar of Yredelemnul.
  2507 | D:3      | Found a shimmering altar of Xom.
  2532 | D:3      | Found a faded altar of an unknown god.
  3114 | D:4      | Reached XP level 6. HP: 32/32 MP: 13/17
  3596 | D:4      | Noticed Ijyb
  3612 | D:4      | Killed Ijyb
  3727 | D:4      | Reached skill level 7 in Spellcasting
  4092 | D:4      | Reached skill level 1 in Translocations
  4098 | D:4      | Reached skill level 5 in Hexes
  4098 | D:4      | Reached XP level 7. HP: 11/36 MP: 9/19
  4869 | D:5      | Entered Level 5 of the Dungeon
  5646 | D:5      | Reached XP level 8. HP: 41/41 MP: 16/20
  6093 | D:6      | Reached skill level 5 in Translocations
  6526 | D:6      | Found a runed translucent gate.
  6526 | D:6      | Found a runed translucent gate.
  6526 | D:6      | Found a runed translucent gate.
  6527 | D:6      | Noticed pdpol's ghost (novice GrMo)
  6577 | D:6      | Reached skill level 8 in Spellcasting
  6857 | D:6      | Found a staircase to the Ecumenical Temple.
  6873 | Temple   | Entered the Ecumenical Temple
  6889 | Temple   | Became a worshipper of Vehumet
  7020 | D:6      | Identified the +6 quarterstaff "Weigusm" {vorpal, *Corrode
                  | rElec rPois rF+}
  7280 | D:6      | Reached skill level 1 in Fighting
  7424 | D:6      | Noticed a slime creature
  7440 | D:6      | Killed a slime creature
  7685 | D:6      | Reached skill level 9 in Spellcasting
  7685 | D:6      | Noticed a slime creature
  7781 | D:6      | Killed a slime creature
  7782 | D:6      | Reached XP level 9. HP: 50/50 MP: 5/24
  8205 | D:7      | Found Kicoimon's Book Shoppe.
  8374 | D:7      | Noticed Harold
  8675 | D:7      | Learned a level 5 spell: Irradiate
  8863 | D:7      | Killed Harold
  8864 | D:7      | Reached skill level 5 in Fighting
  8880 | D:7      | Reached * piety under Vehumet
  8880 | D:7      | Offered knowledge of Freeze by Vehumet.
  9460 | D:8      | Found Cauninex's Jewellery Emporium.
  9839 | D:8      | Reached skill level 10 in Spellcasting
  9998 | D:8      | Reached skill level 5 in Dodging
 10262 | D:8      | Reached XP level 10. HP: 38/59 MP: 19/26
 11338 | D:8      | Reached skill level 11 in Spellcasting
 11636 | D:9      | Reached ** piety under Vehumet
 11646 | D:9      | Offered knowledge of Foxfire by Vehumet.
 11690 | D:9      | Reached skill level 1 in Evocations
 11899 | D:9      | Identified the +4 rapier of Grace {venom, Str+6 SInv}
 11973 | D:9      | Noticed Erica
 11981 | D:9      | Killed Erica
 11982 | D:9      | Reached skill level 12 in Spellcasting
 12027 | D:9      | Found a hide-covered altar of Uskayaw.
 12027 | D:9      | Found a blossoming altar of Fedhas.
 12029 | D:9      | Found a sparkling altar of Nemelex Xobeh.
 12037 | D:9      | Reached skill level 1 in Transmutations
 12180 | D:9      | Noticed a two-headed ogre
 12186 | D:9      | Killed a two-headed ogre
 12199 | D:9      | Reached skill level 5 in Evocations
 12489 | D:9      | Found a shadowy altar of Dithmenos.
 12490 | D:9      | Found a glowing golden altar of the Shining One.
 12492 | D:9      | Found a bloodstained altar of Trog.
 12604 | D:10     | Entered Level 10 of the Dungeon
 12695 | D:10     | Noticed a two-headed ogre
 12698 | D:10     | Killed a two-headed ogre
 12699 | D:10     | Reached skill level 5 in Transmutations
 12699 | D:10     | Reached XP level 11. HP: 41/63 MP: 19/29
 12717 | D:10     | Noticed Maurice
 12727 | D:10     | Killed Maurice
 13130 | D:10     | Noticed a two-headed ogre
 13141 | D:10     | Killed a two-headed ogre
 13349 | D:10     | Found a staircase to the Lair.
 13792 | Lair:1   | Entered Level 1 of the Lair of Beasts
 13792 | Lair:1   | Noticed Grum
 13794 | Lair:1   | Killed Grum
 13866 | Lair:1   | Identified a scroll of acquirement
 13866 | Lair:1   | Acquired a +2 hat of intelligence
 14014 | Lair:1   | Noticed Fannar
 14029 | Lair:1   | Reached skill level 5 in Stealth
 14043 | Lair:1   | Killed Fannar
 14043 | Lair:1   | Offered knowledge of Conjure Flame by Vehumet.
 14510 | Lair:1   | Found a one-way gate to the infinite horrors of the Abyss.
 14510 | Lair:1   | Noticed AlleluiaPinecone's ghost (journeyman VSBr)
 14523 | Lair:1   | Noticed a thrashing horror
 14535 | Lair:1   | Found a transporter.
 14553 | Lair:1   | Found a transporter.
 15181 | Lair:2   | Killed from afar by a wind drake

Illustrated notes

Levels and vault maps discovered:
D:1:      dpeg_arrival_tiny_d, layout_basic
D:2:      layout_loops_ring, basic_altar
D:3:      layout_rooms, nzn_wu_jian_contemplation,
          chequers_temple_overflow_minitemple,
          shapermc_ecumenical_altar_flowoftime, gup_sewer_entry_glass
D:4:      layout_basic, corexii_checkpoint_a, roderic_lattice_a, uniq_ijyb
D:5:      layout_loops_ring
D:6:      cheibrodos_fertilizer, layout_layer_cave,
          minmay_temple_entry_statues_fountains, gammafunk_ghost_nasty_kobolds,
          lightli_orcish_oven
D:7:      layout_cave_pools, serial_shops, nicolae_shop_statue_plus,
          kennysheep_path_1, due_unseen_surprise, uniq_harold
D:8:      layout_basic, serial_shops, nicolae_shop_trees
D:9:      layout_cave_pools, grunt_temple_overflow_open, uniq_erica
D:10:     layout_loops_ring, lair_entry_dummy, uniq_maurice
Temple:   nicolae_temple_hex_pool
Lair:1:   layout_cave_pods, gammafunk_ghost_abyssal_escape,
          grunt_forest_small_clearings, lemuel_fruit_tree, uniq_fannar,
          uniq_grum
Lair:2:   layout_chaotic_city, minmay_shoals_entry_beasts,
          spider_nest_entry_webs, kennysheep_rathole

Skill      XL: |  1  2  3  4  5  6  7  8  9 10 11 |
---------------+----------------------------------+-----
Spellcasting   | 4 5 6 7 9 10 12 | 12.0
Conjurations   | 5 6 7 |  7.5
Hexes          | 2 5 7 9 |  9.0
Translocations | 1 4 5 7 |  7.0
Fighting       | 3 5 |  5.0
Dodging        | 5 7 |  7.0
Evocations     | 5 |  5.0
Transmutations | 5 7 |  7.0
Stealth        | 7 |  7.0

Action                   |  1- 3 |  4- 6 |  7- 9 | 10-12 || total
-------------------------+-------+-------+-------+-------++-------
Melee: Spear             |       |     4 |       |       ||     4
 Fire: Hunting sling     |       |     8 |    74 |    35 ||   117
 Cast: Magic Dart        |    25 |     8 |     4 |       ||    37
       Searing Ray       |    16 |    34 |    73 |    41 ||   164
       Fulminant Prism   |       |       |    19 |    38 ||    57
       Iskenderun's Myst |       |       |    19 |    47 ||    66
       Irradiate         |       |       |       |     4 ||     4
Evoke: Wand              |       |       |     4 |     5 ||     9
  Use: Scroll            |     5 |     2 |     4 |     7 ||    18
Armor: Robe              |     2 |     3 |     7 |     4 ||    16
Dodge: Dodged            |    11 |    17 |    26 |    42 ||    96

Table legend: (Time is in decaauts)
 A = Elapsed time spent in this place.
 B = Non-inter-level travel time spent in this place.
 C = Inter-level travel time spent in this place.
 D = Time resting spent in this place.
 E = Time spent auto-exploring this place.
 F = Levels seen in this place.
 G = Mean time per level.
                   A        B        C        D        E       F      G
               +--------+--------+--------+--------+--------+-----+--------+
         Total |  15235 |  14754 |    481 |   5864 |   6413 |  14 | 1088.2 |
       Dungeon |  13471 |  13068 |    403 |   5274 |   5808 |  10 | 1347.1 |
        Temple |     29 |     16 |     13 |      0 |     10 |   1 |   29.0 |
          Lair |   1387 |   1322 |     65 |    410 |    575 |   2 |  693.5 |
         Sewer |    346 |    346 |      0 |    180 |     20 |   1 |  346.0 |
               +--------+--------+--------+--------+--------+-----+--------+

Top non-repeatable levels by time:
     D:8: 2371 daAuts
     D:6: 2240 daAuts
     D:4: 2156 daAuts
  Lair:1: 1363 daAuts
    D:10: 1188 daAuts
     D:9: 1052 daAuts
     D:2: 1049 daAuts
     D:7: 1015 daAuts
     D:3: 857 daAuts
     D:5: 846 daAuts
     D:1: 693 daAuts
   Sewer: 346 daAuts
  Temple: 29 daAuts
  Lair:2: 24 daAuts
